 Dungeon Crawl Stone Soup version 0.29-a0-375-g5102b3be25 (webtiles) character file.

Game seed: 12150149825590480252

72 jaega1 the Charlatan (level 4, -2/32 HPs)
             Began as a Demonspawn Artificer on May 3, 2022.
             Was a Follower of Okawaru.
             Slain by an orc warrior
             ... wielding a +0 long sword
              (13 damage)
             ... on level 2 of the Dungeon.
             The game lasted 00:05:58 (3389 turns).

jaega1 the Charlatan (Demonspawn Artificer)         Turns: 3389, Time: 00:05:58

Health: -2/32      AC: 11    Str: 14    XL:     4   Next: 7%
Magic:  4/4        EV: 10    Int: 12    God:    Okawaru [*.....]
Gold:   166        SH:  0    Dex: 17    Spells: 3/3 levels left

rFire   . . .      SeeInvis .   k - +0 hand axe
rCold   . . .      Faith    .   (no shield)
rNeg    . . .      Spirit   .   r - +3 ring mail of Sif Muna's Favour {Dex+3}
rPois   .          Reflect  .   (no helmet)
rElec   .          Harm     .   (no cloak)
rCorr   .          Rampage  .   (no gloves)
Will    .....                   t - +2 pair of boots
Stlth   +.........              (no amulet)
HPRegen 0.10/turn               (no ring)
MPRegen 0.09/turn               (no ring)

@: no status effects
A: claws 1, (demonic guardian 1)
a: Renounce Religion, Heroism


You were on level 2 of the Dungeon.
You worshipped Okawaru.
Okawaru was aware of your devotion.
You visited 1 branch of the dungeon, and saw 3 of its levels.

You collected 166 gold pieces.

Inventory:

Hand Weapons
 a - a +0 club
 k - a +0 hand axe (weapon)
Armour
 b - a +0 leather armour
 o - a +1 pair of boots of rampaging
 r - the +3 ring mail of Sif Muna's Favour (worn) {Dex+3}
   (You found it on level 2 of the Dungeon)

   Dex:       It affects your dexterity (+3).
 t - a +2 pair of boots (worn)
Wands
 c - a wand of flame (15) (quivered)
 d - a wand of charming (15)
 e - a wand of iceblast (9)
Scrolls
 f - a scroll of poison {unknown}
 g - 5 scrolls of identify {unknown}
 h - 2 scrolls of teleportation {unknown}
 j - a scroll of fog {unknown}
 m - a scroll of immolation {unknown}
Potions
 i - a potion of brilliance {unknown}
 l - a potion of attraction {unknown}
 n - 2 potions of berserk rage {unknown}
 p - 2 potions of resistance {unknown}
 q - 2 potions of curing {unknown}
 s - a potion of haste {unknown}


   Skills:
 - Level 1.0 Fighting
 * Level 2.3 Axes
 - Level 0.1(1.4) Maces & Flails
 - Level 1.7 Armour
 - Level 0.8 Dodging
 - Level 0.8 Stealth
 - Level 4.0 Evocations


You had 3 spell levels left.
You didn't know any spells.
Your spell library contained the following spells:

 Spells                   Type           Power      Damage    Failure   Level
 Anguish                  Hex/Necr       0%         N/A       100%        4
 Enfeeble                 Hex            0%         N/A       100%        7
 Tukima's Dance           Hex            Unusable   N/A       N/A         3

Dungeon Overview and Level Annotations

Branches:
Dungeon (3/15)

Altars:
Okawaru

Shops:
D:3 (


Innate Abilities, Weirdness & Mutations

You have sharp fingernails.
((A weak demonic guardian rushes to your aid.))


Message History

You hit the orc warrior.
The orc warrior is lightly wounded.
The orc warrior barely misses you.
You hit the orc warrior but do no damage.
Your claw misses the orc warrior.
The orc warrior is lightly wounded.
The orc warrior closely misses you.
You hit the orc warrior but do no damage.
The orc warrior is lightly wounded.
The orc warrior barely misses you.
You hit the orc warrior but do no damage.
The orc warrior is lightly wounded.
The orc warrior barely misses you.
You closely miss the orc warrior.
The orc warrior is lightly wounded.
The orc warrior hits you but does no damage.
The orc warrior hits you with a +0 long sword.
You closely miss the orc warrior.
The orc warrior is lightly wounded.
The orc warrior hits you but does no damage.
You hit the orc warrior but do no damage.
The orc warrior is lightly wounded.
The orc warrior hits you with a +0 long sword!
You hit the orc warrior but do no damage.
The orc warrior is lightly wounded.
The orc warrior hits you with a +0 long sword.
You closely miss the orc warrior.
The orc warrior is lightly wounded.
The orc warrior barely misses you.
You hit the orc warrior but do no damage.
The orc warrior is lightly wounded.
The orc warrior hits you with a +0 long sword!
You hit the orc warrior but do no damage.
The orc warrior is lightly wounded.
The orc warrior hits you with a +0 long sword.
The orc warrior barely misses you.
You hit the orc warrior but do no damage.
The orc warrior is lightly wounded.
The orc warrior hits you with a +0 long sword!
You die...

...#
#......#.#.##..............
####
##+#####.#.##.....#########
# #................# # #
#######.#.###....# # #
#.#.# #....# # # #...#
#....# # # ##..# #....# #
#.†###....#########
#o@..............##
########.........##
#.........## #.....)...'.
#.........## #.........#
########### ######


You could see an orc warrior.

Vanquished Creatures
  3 adders
  A dart slug (D:1)
  2 ball pythons
  2 endoplasms
  4 giant cockroaches
  3 goblins
  7 hobgoblins
  4 jackals (D:2)
  3 kobolds
  A quokka (D:1)
  A frilled lizard (D:1)
  9 rats
40 creatures vanquished.

Vanquished Creatures (collateral kills)
  A quokka (D:1)
1 creature vanquished.

Vanquished Creatures (others)
  4 fungi (D:2)
  10 plants
14 creatures vanquished.

Grand Total: 55 creatures vanquished

Notes
Turn   | Place    | Note
-------+----------+-------------------------------------------
     0 | D:1      | jaega1 the Demonspawn Artificer began the quest for the
                  | Orb.
     0 | D:1      | Reached XP level 1. HP: 15/15 MP: 1/1
   607 | D:1      | Gained mutation: A weak demonic guardian rushes to your
                  | aid. [demonic ancestry]
   607 | D:1      | Reached XP level 2. HP: 15/21 MP: 2/2
  1840 | D:2      | Reached skill level 4 in Evocations
  1895 | D:2      | Reached skill level 1 in Axes
  1895 | D:2      | Gained mutation: You have sharp fingernails. [demonic
                  | ancestry]
  1895 | D:2      | Reached XP level 3. HP: 26/26 MP: 3/3
  2003 | D:2      | Identified the +3 ring mail of Sif Muna's Favour {Dex+3}
  2396 | D:2      | Found a faded altar of an unknown god.
  2456 | D:2      | Prayed at the altar of an unknown god.
  2456 | D:2      | Became a worshipper of Warmaster Okawaru
  2456 | D:2      | Reached * piety under Okawaru
  2940 | D:3      | Found Tifacotz's Antique Weapon Emporium.
  3000 | D:3      | Reached XP level 4. HP: 12/32 MP: 4/4
  3345 | D:3      | Noticed an orc warrior
  3389 | D:2      | Slain by an orc warrior

Illustrated notes

Levels and vault maps discovered:
D:1:      dpeg_arrival_rooms_with_view, layout_basic
D:2:      layout_basic, dreamdust_ecumenical_altar_grove
D:3:      layout_rooms, serial_shops, nicolae_shop_trees,
          nicolae_shop_bloodbath_and_beyond, nicolae_shop_hallway_stairs,
          kennysheep_boxes

Skill      XL: |  1  2  3 |
---------------+----------+-----
Evocations     | 4 |  4.0
Axes           | 1 2 |  2.3
Fighting       | |  1.0
Maces & Flails | |  0.1
Armour         | |  1.7
Dodging        | |  0.8
Stealth        | |  0.8

Action                   |  1- 3 |  4- 6 || total
-------------------------+-------+-------++-------
Melee: Club              |    39 |       ||    39
       Hand axe          |   112 |    15 ||   127
Armor: Leather armour    |    33 |       ||    33
       Ring mail         |    33 |     8 ||    41
Dodge: Dodged            |   102 |    10 ||   112

Table legend: (Time is in decaauts)
 A = Elapsed time spent in this place.
 B = Non-inter-level travel time spent in this place.
 C = Inter-level travel time spent in this place.
 D = Time resting spent in this place.
 E = Time spent auto-exploring this place.
 F = Levels seen in this place.
 G = Mean time per level.
                   A        B        C        D        E       F      G
               +--------+--------+--------+--------+--------+-----+--------+
         Total |   3430 |   3350 |     80 |    789 |   2029 |   3 | 1143.3 |
       Dungeon |   3430 |   3350 |     80 |    789 |   2029 |   3 | 1143.3 |
               +--------+--------+--------+--------+--------+-----+--------+

Top non-repeatable levels by time:
     D:1: 1854 daAuts
     D:2: 1148 daAuts
     D:3: 427 daAuts
